 Dungeon Sprint DCSS version 0.27-a0-808-g60bc5d92e6 (webtiles) character file.

Game seed: 13774717363190042144

79 mhtbhm the Cutter (level 4, -8/48 HPs)
             Began as a Kobold Berserker on Mar 28, 2021.
             Was a Believer of Trog.
             Killed from afar by a white imp (13 damage)
             ... with a puff of frost
             ... in the Dungeon (Sprint IX: "|||||||||||||||||||||||||||||").
             The game lasted 00:00:09 (80 turns).

mhtbhm the Cutter (Kobold Berserker)                  Turns: 80, Time: 00:00:10

Health: -8/48      AC:  2    Str: 15    XL:     4   Next: 64%
Magic:  4/4        EV: 15    Int:  8    God:    Trog [**....]
Gold:   0          SH:  0    Dex: 14    Spells: 3/3 levels left

rFire    . . .     SeeInvis .   a - +0 short sword
rCold    . . .     Faith    .   (shield restricted)
rNeg     . . .     Spirit   .   b - +0 animal skin
rPois    .         Reflect  .   (no helmet)
rElec    .         Harm     .   (no cloak)
rCorr    .         Rampage  .   (no gloves)
Will     .....     NoTele   +   (no boots)
Stlth    ..........             (no amulet)
HPRegen  0.16/turn              (no ring)
MPRegen  0.09/turn              (no ring)

@: berserking (expiring), very quick
A: small, no large weapons, nightstalker 3
a: Renounce Religion, Berserk, Trog's Hand


You were in the Dungeon.
You worshipped Trog.
Trog was pleased with you.
You visited 1 branch

Inventory:

Hand Weapons
 a - a +0 short sword (weapon)
Armour
 b - a +0 animal skin (worn)
Scrolls
 h - a scroll of blinking
Potions
 c - a potion of curing
 d - a potion of heal wounds
 e - a potion of haste
 f - 2 potions of magic
 g - a potion of berserk rage


   Skills:
 + Level 6.6 Fighting
 + Level 7.8 Short Blades
 + Level 2.6 Armour
 + Level 3.6 Dodging
 + Level 1.1 Stealth


You had 3 spell levels left.
You didn't know any spells.
Your spell library was empty.

Dungeon Overview and Level Annotations

Branches:
Dungeon (1/1)

Altars:


Innate Abilities, Weirdness & Mutations

You are small and have problems with some larger weapons.
You are completely attuned to the shadows.


Message History

The phantom completely misses you.
You puncture the phantom!
The phantom is severely damaged.
You closely miss the phantom.
The phantom is severely damaged.
The phantom closely misses you.
You closely miss the phantom.
The phantom is severely damaged.
You closely miss the phantom.
The phantom is severely damaged.
The phantom hits you.
You hit the phantom.
The phantom is almost destroyed.
The phantom hits you.
* * * LOW HITPOINT WARNING * * *
You puncture the phantom!
You destroy the phantom!
Trog accepts your kill.
Your Fighting skill gained 2 levels and is now at level 6!
Your Short Blades skill gained 3 levels and is now at level 7!
Your Dodging skill increases to level 3!
Your Stealth skill increases to level 1!
You have reached level 2!
You have reached level 3!
Your experience leads to an increase in your attributes!
Increase (S)trength, (I)ntelligence, or (D)exterity?
You feel stronger.
You have reached level 4!
Unknown command.
An adder zombie comes into view.
The white imp hits you.
* * * LOW HITPOINT WARNING * * *
The white imp freezes you.
* * * LOW HITPOINT WARNING * * *
There is an open door here.
You puncture the white imp!
The white imp is almost dead.
The white imp gestures at you. The puff of frost hits you!
You die...

▓.▓
▓.▓
▓'▓
▓†▓
▓†▓
▓.▓
▓.▓
▓.▓
▓@▓
▓5▓
▓h▓
▓Z▓
▓Z▓


You could see a black bear, a white imp, a bat zombie and an adder zombie.

Vanquished Creatures
  A phantom (D)
  A ball python (D)
  An endoplasm (D)
  A bat (D)
  2 rats (D)
6 creatures vanquished.

Notes
Turn   | Place    | Note
-------+----------+-------------------------------------------
     0 | D        | mhtbhm the Kobold Berserker began the quest for the Orb.
     0 | D        | Reached XP level 1. HP: 14/14 MP: 1/1
    11 | D        | Reached ** piety under Trog
    65 | D        | Noticed a phantom
    68 | D        | Noticed a black bear
    78 | D        | Killed a phantom
    79 | D        | Reached skill level 7 in Short Blades
    79 | D        | Reached skill level 1 in Stealth
    79 | D        | Reached XP level 2. HP: 7/23 MP: 2/2
    79 | D        | Reached XP level 3. HP: 8/28 MP: 3/3
    79 | D        | Reached XP level 4. HP: 9/32 MP: 4/4
    80 | D        | Killed from afar by a white imp

Illustrated notes

Levels and vault maps discovered:
D:        linesprint [early_d, line_temple, items_1, d_10, items_2, lair_1,
          lair_end, items_3, orc_1, orc_end, items_4, d_15, swamp_1, shoals_1,
          snake_1, spider_1, d_20, vaults_1, items_5, swamp_end, shoals_end,
          snake_end, spider_end, vaults_end, d_27, items_6, zot_1, zot_end,
          crypt_end, forest_end, elf_end, slime_end, tomb_end, abyss_end,
          pan_hell_end]

Skill      XL: |  1 |
---------------+----+-----
Armour         | 2 |  2.6
Fighting       | 6 |  6.6
Short Blades   | 7 |  7.8
Dodging        | 3 |  3.6
Stealth        | 1 |  1.1

Action                   |  1- 3 |  4- 6 || total
-------------------------+-------+-------++-------
Melee: Short sword       |    25 |     1 ||    26
Invok: Berserk           |     1 |       ||     1
Dodge: Dodged            |    17 |       ||    17

Table legend: (Time is in decaauts)
 A = Elapsed time spent in this place.
 B = Non-inter-level travel time spent in this place.
 C = Inter-level travel time spent in this place.
 D = Time resting spent in this place.
 E = Time spent auto-exploring this place.
 F = Levels seen in this place.
 G = Mean time per level.
                   A        B        C        D        E       F      G
               +--------+--------+--------+--------+--------+-----+--------+
         Total |     73 |     73 |      0 |     42 |      3 |   1 |   73.0 |
       Dungeon |     73 |     73 |      0 |     42 |      3 |   1 |   73.0 |
               +--------+--------+--------+--------+--------+-----+--------+

Top non-repeatable levels by time:
       D: 73 daAuts
